 Dungeon Crawl Stone Soup version 0.27.1-33-g824d729ab1 (webtiles) character file.

Game seed: 13818475567628457935

23 Kallu the Skirmisher (level 2, 0/27 HPs)
             Began as a Minotaur Fighter on Dec 1, 2021.
             Slain by a gnoll (5 damage)
             ... on level 2 of the Dungeon.
             The game lasted 00:01:30 (1304 turns).

Kallu the Skirmisher (Minotaur Fighter)             Turns: 1304, Time: 00:01:30

Health: 0/27       AC:  6    Str: 20    XL:     2   Next: 72%
Magic:  1/1        EV:  7    Int:  5    God:
Gold:   87         SH:  9    Dex:  9    Spells: 1/1 levels left

rFire    . . .     SeeInvis .   a - +0 trident
rCold    . . .     Faith    .   c - +0 kite shield
rNeg     . . .     Spirit   .   b - +0 scale mail
rPois    .         Reflect  .   (helmet restricted)
rElec    .         Harm     .   (no cloak)
rCorr    .         Rampage  .   (no gloves)
Will     .....                  (no boots)
Stlth    ..........             (no amulet)
HPRegen  0.09/turn              (no ring)
MPRegen  0.07/turn              (no ring)

@: no status effects
A: horns 2, retaliatory headbutt
a: no special abilities


You were on level 2 of the Dungeon.
You visited 1 branch of the dungeon, and saw 2 of its levels.

You collected 87 gold pieces.

Inventory:

Hand Weapons
 a - a +0 trident (weapon)
Armour
 b - a +0 scale mail (worn)
 c - a +0 kite shield (worn)
Scrolls
 e - a scroll of immolation {unknown}
 h - 2 scrolls of vulnerability {unknown}
Potions
 d - a potion of might
 f - 3 potions of curing {unknown}
 g - a potion of resistance {unknown}


   Skills:
 - Level 4.1 Fighting
 * Level 3.2 Polearms
 - Level 3.6 Armour
 + Level 3.9 Shields


You had one spell level left.
You didn't know any spells.
Your spell library was empty.

Dungeon Overview and Level Annotations

Branches:
Dungeon (2/15)

Altars:

Annotations:
D:2 Terence


Innate Abilities, Weirdness & Mutations

You have a pair of horns on your head.
You reflexively headbutt those who attack you in melee.


Message History

You open the door.
Found a plate armour and 9 gold pieces.
There is an open door here.
You now have 87 gold pieces (gained 9).
There are no items here.
You open the door.
Found a puce potion and 13 stones.
There is an open door here.
Found 9 gold pieces.
f - 3 puce potions (gained 1)
There are no items here.
You start resting.
HP restored.
h - 2 scrolls labelled ZIEFOY NEUKLOZ
Found an escape hatch in the floor.
A gnoll comes into view. It is wielding a +0 club.
The gnoll shouts!
You hear a shout!
A gnoll comes into view. It is wielding a +0 whip.
A gnoll comes into view. It is wielding a +0 spear.
The gnoll shouts!
You reach to attack!
You puncture the gnoll!
The gnoll is severely wounded.
The gnoll hits you but does no damage.
You barely miss the gnoll. Your headbutt misses the gnoll.
The gnoll is severely wounded.
The gnoll hits you with a +0 club. The gnoll hits you with a +0 whip!
The gnoll barely misses you.
You hit the gnoll. You headbutt the gnoll.
The gnoll is severely wounded.
The gnoll hits you with a +0 whip. You block the gnoll's attack.
You hit the gnoll but do no damage.
The gnoll is severely wounded.
The gnoll hits you with a +0 whip. The gnoll hits you with a +0 club.
* * * LOW HITPOINT WARNING * * *
You block the gnoll's attack. x2; The gnoll hits you with a +0 club.
* * * LOW HITPOINT WARNING * * *
You are too injured to fight recklessly!
You are too injured to fight recklessly!
The gnoll hits you from afar with a +0 spear.
You die...

####### #############.....##
#..........#.......#
#...................
#...................
..###...................
#.....gg................
#....g.................. #.#
.....###@................ ##
#........>................... ..#
#.#.........###..............
...##.#......##+##...###.........
....#.#..#..##...###.###.........
....#....#.##.....##.............
........####.8...8.######........
...<...####.#.....#.##...........
.....#...#...8...8...#.####...###


You could see 3 gnolls.

Vanquished Creatures
  3 ball pythons
  5 endoplasms
  A goblin (D:1)
  2 hobgoblins (D:1)
  A kobold (D:1)
  2 bats (D:1)
  A frilled lizard (D:1)
  6 rats
21 creatures vanquished.

Notes
Turn   | Place    | Note
-------+----------+-------------------------------------------
     0 | D:1      | Kallu the Minotaur Fighter began the quest for the Orb.
     0 | D:1      | Reached XP level 1. HP: 19/19 MP: 0/0
   212 | D:1      | Reached XP level 2. HP: 25/27 MP: 1/1
   280 | D:1      | Reached skill level 4 in Fighting
   636 | D:1      | Found a faded altar of an unknown god.
   992 | D:2      | Noticed Terence
  1304 | D:2      | Slain by a gnoll

Illustrated notes

Levels and vault maps discovered:
D:1:      minmay_arrival_hallway, layout_basic,
          hellmonk_ecumenical_altar_inner_sanctum, minmay_misc_feat_tiny,
          minmay_tree_intersection
D:2:      layout_rooms, serial_shops, nicolae_shop_trees, dk_noncrumbling_3,
          uniq_terence

Skill      XL: |  1  2 |
---------------+-------+-----
Fighting       | 4 |  4.1
Polearms       | 3 |  3.2
Armour         | |  3.6
Shields        | |  3.9

Action                   || total
-------------------------++-------
Melee: Trident           ||    60
       Headbutt          ||     5
Armor: Scale mail        ||    24
Dodge: Dodged            ||    10
Block: Kite shield       ||    16
